 Dungeon Crawl Stone Soup version 0.31-a0-1074-g0b22e4e0f1 (webtiles) character file.

Game seed: 14617557441525755934

263 strifetoe the Chopper (level 5, -4/38 HPs)
             Began as a Demonspawn Gladiator on Nov 27, 2023.
             Slain by a gnoll
             ... wielding a +0 halberd
             ... led by a gnoll bouda
              (11 damage)
             ... on level 4 of the Dungeon.
             The game lasted 00:03:53 (2288 turns).

strifetoe the Chopper (Demonspawn Gladiator)        Turns: 2288, Time: 00:03:54

Health: -4/38      AC: 12    Str: 15    XL:     5   Next: 98%
Magic:  5/5        EV:  8    Int:  7    God:
Gold:   178        SH:  0    Dex: 18    Spells: 4/4 levels left

rFire   . . .        a - +0 war axe
rCold   . . .        (no shield)
rNeg    . . .        u - +0 chain mail
rPois   .            m - +0 helmet
rElec   .            (no cloak)
rCorr   .            j - +2 pair of gloves
SInv    .            (no boots)
Will    .....        s - amulet of the acrobat Stlth
                     (no ring)
HPRegen 0.26/turn    (no ring)
MPRegen 0.09/turn

%: acrobat
@: weakened, hasted, very quick
A: demonic magic 2, agile 1, dopey 1, wild magic 1
a: no special abilities


You were on level 4 of the Dungeon.
You visited 1 branch of the dungeon, and saw 4 of its levels.

You collected 178 gold pieces.

Inventory:

Hand Weapons
 a - a +0 war axe (weapon)
 r - the +1 quarterstaff "Ehegulei" {holy, rF+ Will++ Str-5 Stlth+}
   (You took it off a kobold on level 2 of the Dungeon)

   Str-5:     It affects your strength (-5).
   rF+:       It protects you from fire.
   Will++:    It greatly increases your willpower.
   Stlth+:    It makes you more stealthy.
Missiles
 d - 3 throwing nets (quivered)
 e - a javelin
Armour
 j - a +2 pair of gloves (worn)
 m - a +0 helmet (worn)
 u - a +0 chain mail (worn)
Jewellery
 p - a ring of magical power
 s - an amulet of the acrobat (around neck)
Wands
 o - a wand of flame (16)
Scrolls
 g - a scroll of amnesia {unknown}
 i - 2 scrolls of fog
 q - a scroll of butterflies {unknown}
Potions
 f - a potion of resistance {unknown}
 k - a potion of heal wounds
 n - 2 potions of cancellation


   Skills:
 - Level 2.0 Fighting
 + Level 6.1 Axes
 - Level 1.7 Throwing
 - Level 2.6 Dodging


You had 4 spell levels left.
You didn't know any spells.
Your spell library contained the following spells:

 Spells                   Type           Power      Damage    Failure   Level
 Wereblood                Tmut           0%         N/A       100%        2
 Irradiate                Conj/Tmut      0%         3d11      100%        5


Dungeon Overview and Level Annotations

Branches:
Dungeon (4/15)
 Temple: D:4-7

Altars:
Gozag

Shops:
D:1 !

Annotations:
D:3 3 runed translucent doors, wildpjah's ghost, amateur GnSh


Innate Abilities, Weirdness & Mutations

Spells you cast may paralyse nearby enemies.
You are agile. (Dex +4, Str/Int -1)
You are dopey. (Int -2)
Your spells are a little harder to cast, but a little more powerful.


Message History

The gnoll bouda is lightly wounded.
The gnoll bouda barely misses you.
The gnoll hits you from afar with a +0 halberd.
The gnoll bouda hits you but does no damage.
Unknown command.
You hit the gnoll bouda.
The gnoll bouda is moderately wounded.
The gnoll is no longer moving quickly. x2; The gnoll closely misses you.
The gnoll bouda gazes fiercely through you!
You feel as though you will be weak longer.
The gnoll bouda completely misses you.
Unknown command.
Cleave: a) +0 war axe
Press: ? - help, Dir - move target, f - gnoll bouda
Aim: a gnoll bouda, wielding a +0 club and wearing a +0 robe (moderately wounded, about 36% to evade your +0 war axe)
Okay, then.
It was a potion of mutation.
You feel extremely strange.
You feel less in control of your magic.
You feel stupid.
You feel agile.
The gnoll bouda hits you but does no damage.
It was a potion of haste.
You feel yourself speed up. The gnoll completely misses you.
The gnoll barely misses you.
You hit the gnoll.
The gnoll is lightly wounded.
You barely miss the gnoll bouda.
The gnoll hits you from afar with a +0 halberd.
The gnoll bouda hits you but does no damage.
The gnoll hits you from afar with a +0 halberd.
You hit the gnoll but do no damage.
The gnoll is lightly wounded.
You hit the gnoll bouda. The gnoll hits you with a +0 club!
* * * LOW HITPOINT WARNING * * *
The gnoll hits you from afar with a +0 halberd.
* * * LOW HITPOINT WARNING * * *
The gnoll bouda hits you but does no damage.
You barely miss the gnoll.
The gnoll is lightly wounded.
You hit the gnoll bouda but do no damage.
The gnoll is no longer moving quickly.
The gnoll hits you from afar with a +0 halberd!
You die...

. .........# ..
........# ...#
#..##..# .W...
#..##..#
.....g#......+
.....gg......# #
......#.g..gg# .#
..... #..###g# ..#
....
#..###@#######..+
...
#...#g..'.......#
..
+...#...#.......#
.
#...##..##..##..#
##+###..##..##..#
.. ............#
.# ....[.......#
#. .............#
#.#+###########..#


You could see a gnoll bouda and 3 gnolls.

Vanquished Creatures
  A hound (D:4)
  An orc priest (D:4)
  An iguana (D:3)
  An orc wizard (D:4)
  5 gnolls (D:4)
  2 adders
  2 worms (D:2)
  A dart slug (D:2)
  6 orcs
  6 endoplasms
  6 giant cockroaches
  6 goblins
  4 hobgoblins
  6 jackals
  A quokka (D:2)
  3 ball pythons
  4 bats
  5 frilled lizards
  7 kobolds
  4 rats
72 creatures vanquished.

Notes
Turn   | Place    | Note
-------+----------+-------------------------------------------
     0 | D:1      | strifetoe the Demonspawn Gladiator began the quest for the
                  | Orb.
     0 | D:1      | Reached XP level 1. HP: 16/16 MP: 1/1
    79 | D:1      | Found Keseoc's Distillery.
   121 | D:1      | Found a faded altar of an unknown god.
   207 | D:1      | Reached skill level 3 in Axes
   236 | D:1      | Gained mutation: Spells you cast may paralyse adjacent
                  | enemies. [demonic ancestry]
   236 | D:1      | Reached XP level 2. HP: 22/22 MP: 2/2
   703 | D:2      | Gained mutation: Spells you cast may paralyse nearby
                  | enemies. [demonic ancestry]
   703 | D:2      | Reached XP level 3. HP: 27/27 MP: 3/3
   709 | D:2      | Reached skill level 4 in Axes
   997 | D:2      | Identified the +1 quarterstaff "Ehegulei" {holy, rF+ Will++
                  | Str-5 Stlth+}
  1221 | D:3      | Reached XP level 4. HP: 33/33 MP: 4/4
  1288 | D:3      | Identified the +1 robe of Xyblo {Slay+5}
  1322 | D:3      | Found a runed translucent gate.
  1322 | D:3      | Found a runed translucent gate.
  1322 | D:3      | Found a runed translucent gate.
  1323 | D:3      | Found an opulent altar of Gozag.
  1323 | D:3      | Noticed a bullfrog
  1323 | D:3      | Noticed wildpjah's ghost (amateur GnSh)
  1816 | D:4      | Reached skill level 5 in Axes
  1881 | D:4      | Reached XP level 5. HP: 35/38 MP: 5/5
  2171 | D:4      | Reached skill level 6 in Axes
  2265 | D:4      | Noticed a phantom
  2283 | D:4      | Gained mutation: Your spells are a little harder to cast,
                  | but a little more powerful. [potion of mutation]
  2283 | D:4      | Gained mutation: You are dopey. (Int -2) [potion of
                  | mutation]
  2283 | D:4      | Gained mutation: You are agile. (Dex +4, Str/Int -1)
                  | [potion of mutation]
  2288 | D:4      | Slain by a gnoll

Illustrated notes

Levels and vault maps discovered:
D:1:      wander_arrival_chamber, layout_loops_ring, serial_shops,
          nicolae_shop_waterfront, serial_glass, glass_columns_b,
          glass_columns_a, basic_ecumenical_altar, glass_columns_a,
          minmay_misc_feat_tiny
D:2:      layout_rooms, minmay_tiny_reverse_x
D:3:      layout_basic, lemuel_tele_altar, ebering_ghost_gozag
D:4:      layout_gridville, serial_shops, nicolae_shop_tiny_statue_garden,
          nicolae_shop_i_like_big_books

Skill      XL: |  1  2  3  4  5 |
---------------+----------------+-----
Axes           | 3 4 5 6 |  6.1
Fighting       | |  2.0
Throwing       | |  1.7
Dodging        | |  2.6

Action                     |  1- 3 |  4- 6 || total
---------------------------+-------+-------++-------
  Melee: War axe           |   115 |    92 ||   207
         Punch             |     1 |       ||     1
    Use: Scroll            |     3 |     1 ||     4
         Potion            |       |     3 ||     3
 Armour: Leather armour    |    54 |    65 ||   119
         Chain mail        |       |    17 ||    17
  Dodge: Dodged            |    71 |    71 ||   142

Table legend: (Time is in decaauts)
 A = Elapsed time spent in this place.
 B = Non-inter-level travel time spent in this place.
 C = Inter-level travel time spent in this place.
 D = Time resting spent in this place.
 E = Time spent auto-exploring this place.
 F = Levels seen in this place.
 G = Mean time per level.
                   A        B        C        D        E       F      G
               +--------+--------+--------+--------+--------+-----+--------+
         Total |   2344 |   2305 |     39 |     70 |   1694 |   4 |  586.0 |
       Dungeon |   2344 |   2305 |     39 |     70 |   1694 |   4 |  586.0 |
               +--------+--------+--------+--------+--------+-----+--------+

Top non-repeatable levels by time:
     D:1: 712 daAuts
     D:3: 626 daAuts
     D:4: 512 daAuts
     D:2: 493 daAuts
